 Dungeon Crawl Stone Soup version 0.21.1-1-g345015f (webtiles) character file.

600 Monsterracer the Ducker (level 7, -5/38 HPs)
             Began as a Spriggan Berserker on May 25, 2018.
             Was a Priest of Trog.
             Slain by an iguana (11 damage)
             ... on level 4 of the Dungeon.
             The game lasted 00:06:19 (3124 turns).

Monsterracer the Ducker (Spriggan Berserker)        Turns: 3124, Time: 00:06:20

Health: -5/38      AC:  3    Str: 13    XL:     7   Next: 18%
Magic:  8/8        EV: 22    Int:  8    God:    Trog [***...]
Gold:   235        SH:  0    Dex: 18    Spells: 6/6 levels left

rFire    . . .     SeeInvis +   a - +0 short sword
rCold    . . .     Gourm    .   (shield restricted)
rNeg     . . .     Faith    .   f - +1 animal skin
rPois    .         Spirit   .   (helmet restricted)
rElec    .         Reflect  .   (no cloak)
rCorr    .         Harm     .   (gloves unavailable)
MR       +++..                  (boots unavailable)
Stlth    +++.......             (no amulet)
HPRegen  1.12/turn              (no ring)
MPRegen  0.11/turn              (no ring)

@: regenerating, very quick
A: very small, unfitting armour, see invisible, herbivore, speed 3, slow
metabolism 2
a: Berserk, Trog's Hand, Burn Spellbooks, Renounce Religion


You were on level 4 of the Dungeon.
You worshipped Trog.
Trog was most pleased with you.
You were full.

You visited 1 branch of the dungeon, and saw 4 of its levels.

You collected 235 gold pieces.

Inventory:

Hand Weapons
 a - a +0 short sword (weapon)
 b - a +0 dagger
Missiles
 g - 19 bolts
Armour
 f - a +1 animal skin (worn)
Jewellery
 m - an uncursed ring of fire
Scrolls
 d - 2 scrolls of remove curse
 e - a scroll of magic mapping {!r}
 h - a scroll of teleportation
 k - a scroll of enchant armour
Potions
 i - a potion of heal wounds
 j - 3 potions of agility
 l - a potion of brilliance
 n - 2 potions of flight
 o - a potion of curing {unknown}
 p - a potion of lignification {unknown}
Comestibles
 c - 3 rations


   Skills:
 * Level 4.4 Fighting
 * Level 5.9 Short Blades
 + Level 6.2 Dodging
 + Level 4.5 Stealth


You had 6 spell levels left.
You didn't know any spells.

Dungeon Overview and Level Annotations

Branches:
Dungeon (4/15)
 Temple: D:4-7

Altars:
Wu Jian


Innate Abilities, Weirdness & Mutations

You are very small and have problems with some larger weapons.
You are too small for most types of armour.
You have supernaturally acute eyesight. (SInv)
You are a herbivore.
You cover ground extremely quickly.
You need consume almost no food.


Message History

The iguana is moderately wounded.
The iguana completely misses you.
The leopard gecko skeleton completely misses you.
You hit the iguana.
The iguana is heavily wounded.
The iguana bites you!
The leopard gecko skeleton barely misses you.
You take 9 damage, and have 29/38 hp.
MASSIVE DAMAGE!!
You hit the iguana but do no damage.
The iguana is moderately wounded.
The iguana barely misses you.
The leopard gecko skeleton closely misses you.
You hit the iguana but do no damage.
The iguana is moderately wounded.
The iguana bites you!
You take 7 damage, and have 22/38 hp.
You hit the iguana but do no damage.
The iguana is moderately wounded.
The leopard gecko skeleton completely misses you.
You hit the iguana.
The iguana is heavily wounded.
The iguana bites you!
* * * LOW HITPOINT WARNING * * *
The leopard gecko skeleton misses you.
You take 10 damage, and have 12/38 hp.
MASSIVE DAMAGE!!
The leopard gecko skeleton barely misses you.
Found 14 gold pieces.
You barely miss the leopard gecko skeleton.
The leopard gecko skeleton misses you.
You closely miss the leopard gecko skeleton.
The leopard gecko skeleton barely misses you.
Your skin crawls.
You feel resistant to hostile enchantments.
You feel somewhat less full.
The leopard gecko skeleton completely misses you.
You hit the leopard gecko skeleton.
The leopard gecko skeleton is lightly damaged.
The leopard gecko skeleton completely misses you.
You puncture the leopard gecko skeleton!
You destroy the leopard gecko skeleton!
Trog accepts your kill.
You closely miss the iguana.
The iguana is heavily wounded.
The iguana misses you.
You closely miss the iguana.
The iguana is heavily wounded.
The iguana bites you!
* * * LOW HITPOINT WARNING * * *
You take 8 damage, and have 9/38 hp.
MASSIVE DAMAGE!!
You hit the iguana but do no damage.
The iguana is heavily wounded.
The iguana bites you.
* * * LOW HITPOINT WARNING * * *
You hit the iguana.
The iguana is severely wounded.
You hit the iguana but do no damage.
The iguana is severely wounded.
The iguana misses you.
You hit the iguana but do no damage.
The iguana is severely wounded.
The iguana completely misses you.
You hit the iguana but do no damage.
The iguana is severely wounded.
The iguana misses you.
You closely miss the iguana.
The iguana is severely wounded.
The iguana misses you.
You hit the iguana but do no damage.
The iguana is severely wounded.
You barely miss the iguana.
The iguana is severely wounded.
The iguana misses you.
You closely miss the iguana.
The iguana is severely wounded.
The iguana completely misses you.
You hit the iguana but do no damage.
The iguana is severely wounded.
The iguana bites you!
* * * LOW HITPOINT WARNING * * *
You take 9 damage, and have 7/38 hp.
MASSIVE DAMAGE!!
You hit the iguana but do no damage.
The iguana is severely wounded.
The iguana bites you.
* * * LOW HITPOINT WARNING * * *
You take 5 damage, and have 2/38 hp.
You hit the iguana.
The iguana is almost dead.
You hit the iguana but do no damage.
The iguana is almost dead.
The iguana completely misses you.
You hit the iguana but do no damage.
The iguana is almost dead.
The iguana completely misses you.
You hit the iguana but do no damage.
The iguana is almost dead.
The iguana misses you.
You hit the iguana but do no damage.
The iguana is almost dead.
The iguana bites you!
You die...

.. #..# #. ...
..####.)## #. ....
.........####
#.###....
.............
$.....
.........#### ....#
..l.<.......####..#
......#####.l....#
......#.......##l#
........##.....#@#
....#.##...#####.#
........... #.#
.o.......#. ...
...o....... ... .#⌠
⌠ ..... .....
##.....


You could see an iguana.

Vanquished Creatures
  The ghost of emiel the Slasher, an amateur NaWn of Cheibriados (D:3)
  Grinder (D:3)
  Jessica (D:2)
  Terence (D:2)
  5 adders (D:3)
  A worm (D:2)
  2 dart slugs
  A leopard gecko (D:1)
  3 giant cockroaches
  6 goblins (D:2)
  7 hobgoblins
  11 jackals
  3 quokkas
  A ball python (D:2)
  8 bats
  10 frilled lizards
  10 kobolds
  A leopard gecko skeleton (D:4)
  10 rats
83 creatures vanquished.

Notes
Turn   | Place    | Note
-------+----------+-------------------------------------------
     0 | D:1      | Monsterracer the Spriggan Berserker began the quest for the Orb.
     0 | D:1      | Reached XP level 1. HP: 11/11 MP: 2/2
    62 | D:1      | HP: 5/11 [hobgoblin (2)]
    63 | D:1      | HP: 1/11 [hobgoblin (3)]
   204 | D:1      | Reached XP level 2. HP: 5/16 MP: 3/3
   228 | D:1      | HP: 5/16 [hobgoblin/club (1)]
   363 | D:1      | HP: 7/16 [frilled lizard (2)]
   379 | D:1      | Reached skill level 1 in Stealth
   408 | D:1      | HP: 7/16 [frilled lizard (2)]
   672 | D:1      | Reached ** piety under Trog
   741 | D:1      | Reached XP level 3. HP: 19/19 MP: 4/4
  1190 | D:2      | Noticed Terence
  1200 | D:2      | HP: 9/19 [Terence/antimagic trident (10)]
  1207 | D:2      | Killed Terence
  1207 | D:2      | Reached skill level 5 in Dodging
  1207 | D:2      | Reached XP level 4. HP: 12/24 MP: 0/5
  1214 | D:2      | Found a faded altar of an unknown god.
  1239 | D:2      | HP: 11/24 [goblin/dagger (3)]
  1276 | D:2      | HP: 11/24 [kobold/stone (2)]
  1321 | D:2      | Noticed Jessica
  1327 | D:2      | Killed Jessica
  1905 | D:3      | Noticed emiel's ghost (amateur NaWn)
  1912 | D:3      | HP: 18/36 [emiel's ghost (5)]
  1917 | D:3      | HP: 8/36 [emiel's ghost (3)]
  1921 | D:3      | Killed emiel's ghost
  1921 | D:3      | Reached skill level 5 in Short Blades
  1921 | D:3      | Reached XP level 5. HP: 10/29 MP: 6/6
  1921 | D:3      | Reached XP level 6. HP: 11/33 MP: 7/7
  1938 | D:3      | Reached *** piety under Trog
  1960 | D:3      | HP: 12/33 [bat (1)]
  1972 | D:3      | HP: 12/33 [bat (1)]
  2312 | D:3      | Found an ornate altar of the Wu Jian Council.
  2689 | D:3      | Noticed Grinder
  2701 | D:3      | Killed Grinder
  2701 | D:3      | Reached skill level 6 in Dodging
  2701 | D:3      | Reached XP level 7. HP: 38/38 MP: 8/8
  3092 | D:4      | HP: 12/38 [iguana (10)]
  3108 | D:4      | HP: 9/38 [iguana (9)]
  3118 | D:4      | HP: 7/38 [iguana (10)]
  3119 | D:4      | HP: 2/38 [iguana (6)]
  3124 | D:4      | Slain by an iguana

Skill      XL: |  1  2  3  4  5  6 |
---------------+-------------------+-----
Stealth        | 1 2 3 4 |  4.5
Fighting       | 3 4 |  4.4
Short Blades   | 4 5 |  5.9
Dodging        | 5 6 |  6.2

Action                   |  1- 3 |  4- 6 |  7- 9 || total
-------------------------+-------+-------+-------++-------
Melee: Short sword       |   107 |   163 |    54 ||   324
       Dagger            |    62 |     1 |       ||    63
Invok: Berserk           |       |     2 |       ||     2
       Trog's Hand       |       |       |     1 ||     1
  Use: Scroll            |     6 |     4 |       ||    10
 Stab: Sleeping          |     7 |     5 |       ||    12
  Eat: Ration            |       |     1 |     3 ||     4
Armor: Animal skin       |    11 |    11 |     3 ||    25
Dodge: Dodged            |   123 |   138 |    57 ||   318

Vault maps used:
D:1:      matt_arrival_diagonals, serial_park_tiny_1, minmay_pentomino_p4
D:2:      chequers_ecumenical_altar_simple_redux, minmay_misc_feat_nine_boxes,
          uniq_terence, uniq_jessica
D:3:      lemuel_crystal_altar, mrwooster_statue_mirror, st_stairs_12,
          serial_bayou_lagoon_a, uniq_grinder
D:4:      led_sif_pool, fedhas_altar_fruit_tree, first_ration, serial_shops,
          shop_fountains
